[Event "Morgan Stanley Charity 2018"]
[Site "Budapest"]
[Date "2018.09.14"]
[Round "1"]
[White "Gara, Ticia"]
[Black "Torok, Sandor"]
[Result "1-0"]
[ECO "A46"]
[WhiteElo "2321"]
[BlackElo "2276"]
[Annotator "ChessBase"]
[PlyCount "121"]
[EventDate "2018.09.14"]
[EventType "team-tourn"]
[EventCountry "HUN"]
[SourceTitle "playchess.com"]
[Source "ChessBase"]
[SourceQuality "1"]
[TimeControl "1200+10"]

1. d4 Nf6 2. Nf3 e6 3. Bf4 b6 4. e3 Bb7 5. Be2 d6 6. h3 Nbd7 7. O-O g6 8. c4 Bg7 9. Nc3 Ne4 10. Nxe4 Bxe4 11. Bg5 Qc8 12. Nd2 Bb7 13. Bf3 O-O 14. h4 h6 15. Bf4 e5 16. dxe5 Nxe5 17. Bxb7 Qxb7 18. Qc2 d5 19. Rfd1 Nxc4 20. Nxc4 dxc4 21. Qxc4 c5 22. Rd2 Rfd8 23. Rad1 Qe7 24. Bd6 Qe8 25. b3 h5 26. Rd5 Rd7 27. Bf4 Rxd5 28. Qxd5 Bf6 29. Bg5 Bxg5 30. hxg5 Rc8 31. Qd7 Qxd7 32. Rxd7 a5 33. Rb7 c4 34. bxc4 Rxc4 35. Rxb6 Rc1+ 36. Kh2 Rc2 37. a4 Rc4 38. Rb8+ Kg7 39. f4 Rxa4 40. Kg3 Ra3 41. Kf3 a4 42. Ra8 Ra1 43. Kg3 a3 44. Ra7 Kf8 45. Kh2 Ke8 46. e4 Kf8 47. f5 gxf5 48. exf5 Ke8 49. f6 h4 50. Ra4 Kd7 51. Rxh4 Ke6 52. Ra4 Kf5 53. Ra5+ Kg4 54. g3 Ra2+ 55. Kg1 Kxg3 56. Kf1 Kg4 57. g6 Kf3 58. Rf5+ Ke4 59. gxf7 Ra1+ 60. Kg2 a2 61. Ra5 1-0

[Event "Morgan Stanley Charity 2018"]
[Site "Budapest"]
[Date "2018.09.14"]
[Round "1"]
[White "Szamoskozi, Gabor"]
[Black "Terbe, Julianna"]
[Result "0-1"]
[ECO "D00"]
[WhiteElo "2270"]
[BlackElo "2260"]
[Annotator "ChessBase"]
[PlyCount "117"]
[EventDate "2018.09.14"]
[EventType "team-tourn"]
[EventCountry "HUN"]
[SourceTitle "playchess.com"]
[Source "ChessBase"]
[SourceQuality "1"]
[TimeControl "1200+10"]

1. d4 d5 2. Nc3 Nf6 3. Bf4 e6 4. e3 a6 5. Nf3 c5 6. Ne5 Be7 7. Be2 O-O 8. h4 Nbd7 9. g4 Nxe5 10. Bxe5 Nd7 11. Bg3 b5 12. Bf3 Bb7 13. Ne2 Rc8 14. g5 Qa5+ 15. Kf1 Rfe8 16. a3 Qb6 17. Kg2 b4 18. axb4 cxb4 19. Nf4 a5 20. Re1 Bc6 21. Nd3 a4 22. Qd2 Bb5 23. Ne5 Nxe5 24. Bxe5 f6 25. gxf6 gxf6 26. Bf4 Qc6 27. Bh5 Red8 28. Qd1 Kh8 29. Kh1 Rg8 30. Rg1 Rxg1+ 31. Qxg1 Rg8 32. Qd1 e5 33. dxe5 f5 34. Bf3 Rd8 35. Qd4 Bc5 36. Qd2 h6 37. Rg1 Qe6 38. Rg3 Be8 39. c3 bxc3 40. Qxc3 Be7 41. h5 Bh4 42. Rg2 Be7 43. Rg3 Bh4 44. Rg2 Be7 45. Qd4 a3 46. bxa3 Bxa3 47. Be2 Rc8 48. Kh2 Bc5 49. Qb2 Ra8 50. Bf3 Rd8 51. Be2 d4 52. exd4 Bxd4 53. Qb4 Bf7 54. Qa5 Re8 55. Bb5 Bxe5 56. Bxe8 Bxf4+ 57. Kh3 Bxe8 58. Qc3+ Be5 59. Qd2 0-1

[Event "Morgan Stanley Charity 2018"]
[Site "Budapest"]
[Date "2018.09.14"]
[Round "2"]
[White "Terbe, Julianna"]
[Black "Tomosvary, Attila"]
[Result "1-0"]
[ECO "B06"]
[WhiteElo "2260"]
[BlackElo "2126"]
[Annotator "NA"]
[PlyCount "63"]
[EventDate "2018.09.14"]
[EventType "team-tourn"]
[EventCountry "HUN"]
[SourceTitle "playchess.com"]
[Source "ChessBase"]
[SourceQuality "1"]
[TimeControl "1200+10"]

1. d4 g6 2. e4 Bg7 3. Nc3 c6 4. Nf3 d5 5. h3 dxe4 6. Nxe4 Nd7 7. Be2 Ngf6 8. Nxf6+ Nxf6 9. O-O O-O 10. c4 Qc7 11. Be3 Bf5 12. Qb3 b6 13. Rfd1 Rad8 14. Rac1 h6 15. Qa3 g5 16. Bd3 Bxd3 17. Rxd3 Nh5 18. Re1 e6 19. Rdd1 Rfe8 20. Qa4 Nf6 21. b4 Nd7 22. Qc2 c5 23. bxc5 bxc5 24. d5 exd5 25. Rxd5 Ne5 26. Nxe5 Rxe5 27. Rxd8+ Qxd8 28. Rd1 Qe8 29. Qd2 Bf8 30. Qa5 Qe6 31. Qb5 a6 32. Qb8 1-0

[Event "Morgan Stanley Charity 2018"]
[Site "Budapest"]
[Date "2018.09.14"]
[Round "3"]
[White "Gara, Ticia"]
[Black "Jusup, Matej"]
[Result "1-0"]
[ECO "C42"]
[WhiteElo "2321"]
[BlackElo "2235"]
[Annotator "ChessBase"]
[PlyCount "57"]
[EventDate "2018.09.14"]
[EventType "team-tourn"]
[EventCountry "HUN"]
[SourceTitle "playchess.com"]
[Source "ChessBase"]
[SourceQuality "1"]
[TimeControl "1200+10"]

1. e4 e5 2. Nf3 Nf6 3. Nxe5 d6 4. Nf3 Nxe4 5. d3 Nf6 6. d4 Bg4 7. Be2 g6 8. O-O Bg7 9. h3 Bf5 10. Bb5+ c6 11. Re1+ Kf8 12. Bd3 Bxd3 13. Qxd3 Na6 14. Bf4 Nc7 15. c4 Ne6 16. Bg3 d5 17. Nc3 h6 18. Ne5 Ng5 19. cxd5 Nxd5 20. h4 Nh7 21. Ne4 Rg8 22. Nxf7 Kxf7 23. Nd6+ Kf8 24. Qxg6 Qd7 25. Qxh7 Nf6 26. Qg6 h5 27. Nf5 Bh8 28. Qh6+ Kf7 29. Nd6+ 1-0

[Event "Morgan Stanley Charity 2018"]
[Site "Budapest"]
[Date "2018.09.14"]
[Round "3"]
[White "Torok, Sandor"]
[Black "Gara, Anita"]
[Result "1-0"]
[ECO "B32"]
[WhiteElo "2276"]
[BlackElo "2370"]
[Annotator "NA"]
[PlyCount "83"]
[EventDate "2018.09.14"]
[EventType "team-tourn"]
[EventCountry "HUN"]
[SourceTitle "playchess.com"]
[Source "ChessBase"]
[SourceQuality "1"]
[TimeControl "1200+10"]

1. e4 c5 2. Nf3 Nc6 3. d4 cxd4 4. Nxd4 e5 5. Nb5 d6 6. Bc4 Na5 7. Bd5 Nf6 8. c4 Be7 9. O-O O-O 10. b3 a6 11. N5c3 Nc6 12. f4 Ng4 13. Kh1 exf4 14. Bxf4 Bg5 15. Qd2 Bxf4 16. Qxf4 Nce5 17. h3 Nf6 18. Nd2 Nh5 19. Qe3 Qh4 20. Kg1 Kh8 21. Nf3 Qe7 22. Nxe5 dxe5 23. Ne2 Be6 24. Rad1 Nf6 25. Ng3 a5 26. Qb6 a4 27. b4 Nd7 28. Qb5 Bxd5 29. Rxd5 Nf6 30. Rxe5 Qd8 31. Nf5 g6 32. Ne7 Qd4+ 33. Kh2 Nxe4 34. Rd5 Qe3 35. Rf3 Qe1 36. Qb6 Rae8 37. Re3 Qf2 38. Qd4+ Nf6 39. Rd6 Kg7 40. Rxf6 Qxf6 41. Nf5+ gxf5 42. Rg3+ 1-0

[Event "Morgan Stanley Charity 2018"]
[Site "Budapest"]
[Date "2018.09.14"]
[Round "3"]
[White "Novaky, Csaba"]
[Black "Terbe, Julianna"]
[Result "0-1"]
[ECO "C59"]
[WhiteElo "2088"]
[BlackElo "2260"]
[Annotator "NA"]
[PlyCount "164"]
[EventDate "2018.09.14"]
[EventType "team-tourn"]
[EventCountry "HUN"]
[SourceTitle "playchess.com"]
[Source "ChessBase"]
[SourceQuality "1"]
[TimeControl "1200+10"]

1. e4 e5 2. Nf3 Nc6 3. Bc4 Nf6 4. Ng5 d5 5. exd5 Na5 6. Bb5+ c6 7. dxc6 bxc6 8. Be2 h6 9. Nf3 e4 10. Ne5 Bc5 11. c3 Qc7 {[%emt 0:00:10] C59: Two Knights: 4 Ng5 d5 5 exd5 Na5 5 Bb5+ c6 6 dxc6 bxc6 7 Be2} (11... Bd6 12. d4 exd3 13. Nxd3 Qc7 14. Nd2 Be6 15. b4 Nb7 16. Bb2 Bf5 17. Nf3 O-O 18. h3 Rad8 19. Nd4 {½-½ (26) Vovk,A (2641)-Stevic,H (2602) Hungary 2017}) 12. f4 {[%emt 0:03:15] LiveBook: 6 Games} (12. d4 $11 exd3 13. Nxd3) 12... Nb7 ({Black should try} 12... exf3 $1 $15 13. Nxf3 Ng4) 13. b4 Bb6 14. Na3 O-O 15. Nac4 Nd6 $146 ({Predecessor:} 15... Nd5 16. Nxb6 axb6 17. O-O Rd8 18. Qe1 f6 19. Ng6 {½-½ (29) Fekih,B (2360)-Ebert,J ICCF email 2006}) 16. Nxb6 Qxb6 17. a4 a5 18. bxa5 Rxa5 19. Ba3 c5 20. Rb1 Qc7 21. O-O Be6 22. Kh1 Rfa8 23. d4 cxd4 24. Bxd6 Qxd6 25. Qxd4 Qxd4 26. cxd4 Rxa4 27. f5 Ba2 28. Rb2 Rxd4 29. Ra1 Rda4 30. Bb5 Ra3 31. Bc6 Bd5 32. Rxa3 Rxa3 33. h3 Bxc6 34. Nxc6 Rc3 35. Rb8+ Kh7 36. Ne5 Rc7 37. Rf8 Nd7 $11 ({Black should try} 37... Re7 $19 38. Nxf7 g6 39. Nxh6 Kxh6 40. Rxf6 e3 41. Rxg6+ Kh7) 38. Nxd7 Rxd7 39. Re8 Rd4 40. Re7 f6 41. Re8 h5 42. Kg1 h4 43. Kf2 Rd5 44. Rxe4 Rxf5+ 45. Kg1 Rh5 46. Ra4 Kh6 47. Kf2 g6 48. Rb4 f5 49. Ra4 Kg5 50. Ra8 Rh7 51. Kg1 Re7 52. Kh2 Kf4 53. Ra6 g5 54. Ra8 Re4 55. Rb8 Rd4 56. Ra8 Rd5 57. Ra4+ Ke5 58. Ra8 Rd6 59. Ra5+ Kf6 60. Ra8 g4 61. hxg4 fxg4 62. Ra4 Kg5 63. Ra5+ Kf4 64. Ra4+ Kf5 65. Ra5+ Ke4 66. Rh5 Kf4 67. Rxh4 Rd1 68. g3+ Kf3 69. Rh8 Rd2+ 70. Kg1 Kxg3 71. Kf1 Rd1+ 72. Ke2 Rg1 73. Rg8 Kh2 74. Rh8+ Kg2 75. Rh7 g3 76. Rh8 Ra1 77. Rb8 Ra7 78. Re8 Kh2 79. Rh8+ Kg1 80. Rg8 g2 81. Kf3 Kf1 82. Rb8 Ra3+ 0-1

[Event "Morgan Stanley Charity 2018"]
[Site "Budapest"]
[Date "2018.09.14"]
[Round "4"]
[White "Gara, Anita"]
[Black "Szamoskozi, Gabor"]
[Result "0-1"]
[ECO "B50"]
[WhiteElo "2370"]
[BlackElo "2270"]
[Annotator "NA"]
[PlyCount "102"]
[EventDate "2018.09.14"]
[EventType "team-tourn"]
[EventCountry "HUN"]
[SourceTitle "playchess.com"]
[Source "ChessBase"]
[SourceQuality "1"]
[TimeControl "1200+10"]

1. e4 c5 2. Nf3 d6 3. c3 Nf6 4. Bd3 g6 5. Bc2 b6 6. O-O Bg7 7. d4 O-O 8. Re1 Bb7 9. Nbd2 Nbd7 10. Nf1 Rc8 11. Bf4 Re8 12. Rc1 Nf8 13. Qd2 Ne6 14. Bh6 Bh8 15. h3 cxd4 16. cxd4 d5 17. e5 Ne4 18. Qe3 a6 19. N1d2 Nxd2 20. Nxd2 f6 21. Qg3 Rxc2 22. Rxc2 Nxd4 23. Rcc1 Nf5 24. Qc3 Nxh6 25. Qc7 Qxc7 26. Rxc7 Bc8 27. f4 fxe5 28. fxe5 Bf5 29. Nf3 Nf7 30. Rb7 Be4 31. Rxb6 Nxe5 32. Nxe5 Bxe5 33. Rxa6 Bxb2 34. a4 e5 35. Rc6 Ra8 36. Rf1 Bd3 37. Rff6 e4 38. Rfe6 e3 39. Kh2 Be4 40. Kg3 Bd4 41. Rc1 Kf7 42. Rec6 Be5+ 43. Kg4 Rxa4 44. Kg5 Ra2 45. Rf1+ Rf2 46. Rcc1 Bxg2 47. Rg1 Bf4+ 48. Kg4 h5+ 49. Kh4 g5+ 50. Kxh5 e2 51. h4 Bxc1 0-1

[Event "Morgan Stanley Charity 2018"]
[Site "Budapest"]
[Date "2018.09.14"]
[Round "4"]
[White "Terbe, Julianna"]
[Black "Novaky, Csaba"]
[Result "1/2-1/2"]
[ECO "A45"]
[WhiteElo "2260"]
[BlackElo "2088"]
[Annotator "NA"]
[PlyCount "104"]
[EventDate "2018.09.14"]
[EventType "team-tourn"]
[EventCountry "HUN"]
[SourceTitle "playchess.com"]
[Source "ChessBase"]
[SourceQuality "1"]
[TimeControl "1200+10"]

1. d4 Nf6 2. Bf4 d5 3. e3 e6 4. Nf3 Bd6 5. Bg3 O-O 6. Nbd2 c5 7. c3 Nc6 8. Bb5 {[%emt 0:00:11] D02: 1 d4 d5 2 Nf3 sidelines, including 2...Nf6 3 g3 and 2...Nf6 3 Bf4} Bxg3 9. hxg3 Qb6 10. a4 a6 11. Bxc6 bxc6 12. Qc2 Rb8 13. Ra2 $146 ({Predecessor:} 13. Rb1 cxd4 14. cxd4 a5 15. Ne5 h6 {1-0 (40) So,W (2812)-Karjakin,S (2781) Stavanger 2017}) 13... a5 14. O-O Ba6 15. Rc1 Rfc8 16. Ne5 Qc7 17. Ndf3 Ne4 18. Nd2 Nxd2 19. Qxd2 f6 20. Nd3 Bc4 21. Raa1 Bxd3 22. Qxd3 Rxb2 23. dxc5 Qa7 24. Qd4 Rcb8 25. c4 R2b4 26. Qg4 Re8 27. Qf3 Qxc5 ({Better is} 27... Qb7 $17) 28. cxd5 $11 Qxd5 29. Rxc6 Qe5 30. Rac1 Rxa4 31. Qd1 Rb4 32. Qd7 Rbb8 33. R6c5 Red8 34. Qe7 Qd6 35. Qxd6 Rxd6 36. Rxa5 Rb7 37. g4 Rd2 38. g5 fxg5 39. Rxg5 Kf7 40. Rc4 Kf6 41. f4 h6 42. Rg3 Rb1+ 43. Kh2 Rdd1 44. Rf3 Rf1 45. Rxf1 Rxf1 46. Kg3 g5 47. Kg4 Kg6 48. fxg5 hxg5 49. Rc3 Ra1 50. e4 Ra2 51. g3 Ra4 52. Kf3 g4+ 1/2-1/2

[Event "Morgan Stanley Charity 2018"]
[Site "Budapest"]
[Date "2018.09.14"]
[Round "4"]
[White "Tomosvary, Attila"]
[Black "Gara, Ticia"]
[Result "0-1"]
[ECO "B23"]
[WhiteElo "2126"]
[BlackElo "2321"]
[Annotator "NA"]
[PlyCount "76"]
[EventDate "2018.09.14"]
[EventType "team-tourn"]
[EventCountry "HUN"]
[SourceTitle "playchess.com"]
[Source "ChessBase"]
[SourceQuality "1"]
[TimeControl "1200+10"]

1. e4 c5 2. Nc3 e6 3. f4 Nc6 4. Nf3 a6 5. g3 d5 6. d3 Nf6 7. e5 d4 8. Ne2 Nd5 9. Bg2 Be7 10. O-O O-O 11. h3 b5 12. g4 Qc7 13. Ng3 c4 14. a3 cxd3 15. cxd3 Bb7 16. Ne4 Qb6 17. Qe2 Na5 18. Qd1 Rfd8 19. b4 Nc6 20. Qe2 a5 21. bxa5 Nxa5 22. f5 Nb3 23. Rb1 Nxc1 24. Rfxc1 Nf4 25. Qd2 Nxg2 26. Kxg2 Bxe4 27. dxe4 Rxa3 28. f6 gxf6 29. Qh6 Rxf3 30. Kxf3 fxe5 31. Qd2 b4 32. Qd3 Ra8 33. Rc4 Ra2 34. Rb3 Kg7 35. Kg3 Qa6 36. Rc7 Qd6 37. Qc4 Qd8 38. g5 Bxg5 0-1